 Dungeon Crawl Stone Soup version 0.25-a0-857-g60a0bcd8b5 (webtiles) character file.

Game seed: 17296061545995940465, levelgen mode: deterministic

35 Error4North the Covered (level 3, -1/33 HPs)
             Began as a Hill Orc Fighter on Apr 26, 2020.
             Slain by a goblin (2 damage)
             ... led by Robin
             ... on level 1 of the Dungeon.
             The game lasted 00:02:19 (664 turns).

Error4North the Covered (Hill Orc Fighter)           Turns: 664, Time: 00:02:19

Health: -1/33      AC:  9    Str: 21    XL:     3   Next: 33%
Magic:  3/3        EV:  5    Int:  8    God:
Gold:   28         SH:  9    Dex: 10    Spells: 2/2 levels left

rFire    + . .     SeeInvis .   a - +0 war axe
rCold    . . .     Gourm    .   c - +0 kite shield
rNeg     . . .     Faith    .   m - +0 chain mail
rPois    .         Spirit   .   (no helmet)
rElec    .         Reflect  .   (no cloak)
rCorr    .         Harm     .   (no gloves)
MR       .....                  (no boots)
Stlth    ..........             (no amulet)
HPRegen  0.11/turn              j - ring of protection from fire
MPRegen  0.08/turn              k - +2 ring of strength

@: mighty
A: no striking features
a: no special abilities


You were on level 1 of the Dungeon.
You were not hungry.

You visited 1 branch of the dungeon, and saw 2 of its levels.

You collected 28 gold pieces.

Inventory:

Hand Weapons
 a - a +0 war axe (weapon)
Missiles
 i - 6 boomerangs (quivered)
Armour
 c - a +0 kite shield (worn)
 m - a +0 chain mail (worn)
Jewellery
 j - a ring of protection from fire (left hand)
 k - a +2 ring of strength (right hand)
Scrolls
 e - 2 scrolls of magic mapping {unknown}
 h - 4 scrolls of identify {unknown}
 l - a scroll of remove curse {unknown}
Comestibles
 f - a ration


   Skills:
 * Level 3.9 Fighting
 + Level 2.9 Axes
 * Level 4.0 Armour
 + Level 0.1 Dodging
 * Level 3.7 Shields


You had 2 spell levels left.
You didn't know any spells.
Your spell library was empty.

Dungeon Overview and Level Annotations

Branches:
Dungeon (2/15)

Altars:

Annotations:
D:2 Robin


Message History

The adder bites you but does no damage. The goblin hits you.
* * * LOW HITPOINT WARNING * * *
You block the adder's attack.
You barely miss the adder. You barely miss the goblin.
The adder completely misses you. The goblin hits you but does no damage.
You closely miss the adder. You closely miss the goblin.
The goblin no longer looks unusually strong.
You block the adder's attack. The goblin barely misses you.
You block the adder's attack. The goblin barely misses you.
Your shield and chain mail prevent you from hitting the adder.
You closely miss the goblin.
The goblin no longer looks unusually strong.
The adder bites you but does no damage. The goblin completely misses you.
You block the adder's attack.
You miss the adder. You slash the goblin!
You kill the goblin!
The adder bites you.
* * * LOW HITPOINT WARNING * * *
You block the adder's attack. The goblin hits you.
You die...

.........##.........# ######
########.##.........# #.....
.####..#(##.........# #.....
.#.....#.####....)..# #.....
.#....)#[..##...[#+## ##.....
.#.....###.........# ######......
.####..#.#.......### #...##......
.# #.........########...##......
.# #.####.##.##@Sg.............(
.# ##.#.....#.##g#####...#####.##
.# #..#.#.....##...# #...#(......
.# #.##.#.######.#.#######.......
.###.##.#.##..................)..
.....##.#.##.##.##.####..........
#######.#.##.##.##.# #.###......
#......#.##.##.##.# #.# #####.)
#......#.......##.####.# ###


You could see an adder, a hobgoblin and a goblin.

Vanquished Creatures
  2 dart slugs (D:1)
  2 bats (D:1)
  A giant cockroach (D:1)
  8 goblins
  5 hobgoblins
  4 kobolds (D:1)
  2 ball pythons (D:1)
  2 frilled lizards (D:1)
  2 rats (D:1)
28 creatures vanquished.

Notes
Turn   | Place    | Note
-------+----------+-------------------------------------------
     0 | D:1      | Error4North the Hill Orc Fighter began the quest for the
                  | Orb.
     0 | D:1      | Reached XP level 1. HP: 19/19 MP: 1/1
     2 | D:1      | Noticed a dwarf
     2 | D:1      | Noticed a gargoyle
     4 | D:1      | Noticed a vine stalker
     4 | D:1      | Noticed a minotaur
     6 | D:1      | Noticed a demonspawn
     8 | D:1      | Noticed a ghoul
     8 | D:1      | Noticed a formicid
    10 | D:1      | Noticed a tengu
    10 | D:1      | Noticed a spriggan
    12 | D:1      | Noticed a naga
    14 | D:1      | Noticed a human
    16 | D:1      | Noticed a centaur
    16 | D:1      | Noticed a halfling
    18 | D:1      | Noticed an elf
    18 | D:1      | Noticed an octopode
    20 | D:1      | Noticed a merfolk
    22 | D:1      | Noticed a draconian
    22 | D:1      | Noticed a troll
    24 | D:1      | Noticed a felid
    24 | D:1      | Noticed a vampire
    26 | D:1      | Noticed a demigod
    26 | D:1      | Noticed an ogre
    84 | D:1      | Reached XP level 2. HP: 24/27 MP: 2/2
   648 | D:2      | Noticed Robin
   651 | D:2      | Reached XP level 3. HP: 33/33 MP: 3/3
   653 | D:2      | Reached skill level 4 in Armour
   664 | D:1      | HP: 1/33 [adder (3)]
   664 | D:1      | Slain by a goblin

Levels and vault maps discovered:
D:1:      kb_arrival_jail, layout_basic, glass_columns_a, minmay_statues_item
D:2:      layout_basic, first_ration, uniq_sigmund, uniq_robin

Skill      XL: |  1  2  3 |
---------------+----------+-----
Armour         | 4 |  4.0
Fighting       | |  3.9
Axes           | |  2.9
Dodging        | |  0.1
Shields        | |  3.7

Action                   || total
-------------------------++-------
Melee: War axe           ||    77
Throw: Boomerang         ||     1
  Use: Potion            ||     1
Armor: Scale mail        ||    23
       Chain mail        ||    26
Dodge: Dodged            ||    24
Block: Kite shield       ||    49

Table legend:
 A = Non-vault XP
 B = Vault XP
 C = Vault XP percentage of total XP
 D = Non-vault monster count
 E = Vault monster count
 F = Vault count percentage of total count
                 A         B        C        D         E       F
            +---------+---------+-------+---------+---------+-------
      Total |      33 |      17 |  34.0 |      19 |       9 |  32.1
            +---------+---------+-------+---------+---------+-------
        D:1 |      33 |       4 |  10.8 |      19 |       2 |   9.5
        D:2 |       0 |      13 | 100.0 |       0 |       7 | 100.0
            +---------+---------+-------+---------+---------+-------
